 Dungeon Crawl Stone Soup version 0.31-a0-702-gf82c85558f (webtiles) character file.

Game seed: 12380010180561435589

76 javelincjr the Caller (level 4, -1/24 HPs)
             Began as a Deep Elf Summoner on Sept 8, 2023.
             Shot with an arrow by a centaur (3 damage)
             ... on level 3 of the Dungeon.
             The game lasted 00:09:34 (2122 turns).

javelincjr the Caller (Deep Elf Summoner)           Turns: 2122, Time: 00:09:35

Health: -1/24      AC:  5    Str:  5    XL:     4   Next: 12%
Magic:  2/12       EV: 13    Int: 22    God:
Gold:   122        SH:  0    Dex: 15    Spells: 5/11 levels left

rFire   . . .        l - +0 arbalest
rCold   . . .        (shield currently unavailable)
rNeg    . . .        a - +0 robe
rPois   +            (no helmet)
rElec   .            m - +0 cloak
rCorr   .            j - +0 pair of gloves
SInv    .            c - +0 pair of boots
Will    .....        (no amulet)
Stlth   ++           g - ring of poison resistance
HPRegen 0.24/turn    (no ring)
MPRegen 0.13/turn

%: no passive effects
@: no status effects
A: no striking features
a: no special abilities


You were on level 3 of the Dungeon.
You visited 1 branch of the dungeon, and saw 3 of its levels.

You collected 122 gold pieces.

Inventory:

Hand Weapons
 d - a +0 dagger
 l - a +0 arbalest (weapon)
Armour
 a - a +0 robe (worn)
 c - a +0 pair of boots (worn)
 j - a +0 pair of gloves (worn)
 m - a +0 cloak (worn)
Jewellery
 g - a ring of poison resistance (left hand)
Scrolls
 i - a scroll of amnesia {unknown}
 k - a scroll of enchant weapon {unknown}
 n - a scroll of blinking {unknown}
 o - a scroll of fog {unknown}
 p - a scroll of teleportation {unknown}
 q - a scroll of immolation {unknown}
Potions
 b - a potion of magic
 e - a potion of heal wounds {unknown}
 f - a potion of curing {unknown}
 h - a potion of ambrosia {unknown}


   Skills:
 + Level 0.3 Ranged Weapons
 + Level 3.1 Dodging
 + Level 3.1 Stealth
 * Level 4.2 Spellcasting
 * Level 5.1 Summonings


You had 5 spell levels left.
You knew the following spells:

 Your Spells              Type           Power      Damage    Failure   Level
a - Summon Small Mammal   Summ           100%       N/A       1%          1
b - Call Imp              Summ           54%        N/A       1%          2
c - Call Canine Familiar  Summ           27%        N/A       4%          3

Your spell library contained the following spells:

 Spells                   Type           Power      Damage    Failure   Level
 Summon Guardian Golem    Hex/Summ       15%        N/A       12%         3
 Ensorcelled Hibernation  Hex/Ice        8%         N/A       17%         2
 Passwall                 Tmut/Erth      3%         N/A       17%         2
 Swiftness                Air            4%         N/A       32%         3
 Summon Lightning Spire   Summ/Air       15%        N/A       36%         4


Dungeon Overview and Level Annotations

Branches:
Dungeon (3/15)

Altars:


Message History

A tiny devil pulls itself out of the air.
Casting: Call Imp (safe; 1% risk of failure)
Confirm with . or Enter, or press ? or * to list all spells.
The centaur wields a +0 shortbow.
The centaur shoots an arrow.
The arrow hits your cerulean imp!
Your cerulean imp closely misses the goblin.
You shoot a bolt. The bolt barely misses the goblin.
The centaur shoots an arrow.
The arrow hits your cerulean imp!
Your cerulean imp dies!
Your cerulean imp disappears in a puff of smoke!
Your hound bites the goblin.
The goblin dies!
The centaur unwields a +0 shortbow.
The centaur barely misses your hound. The centaur closely misses your hound.
Casting: Call Canine Familiar (quite dangerous; 4% risk of failure)
Confirm with . or Enter, or press ? or * to list all spells.
A tiny devil pulls itself out of the air.
Your hound bites the centaur.
The centaur wields a +0 shortbow.
The centaur shoots an arrow.
The arrow misses your hound. The arrow hits you!
Your hound barely misses the centaur.
The centaur shoots an arrow.
The arrow hits your hound!
Your hound closely misses the centaur.
Your cerulean imp hits the centaur but does no damage.
The centaur shoots an arrow.
The arrow hits your hound!
Your hound dies!
Your hound's corpse disappears in a puff of smoke!
Casting: Call Imp (safe; 1% risk of failure)
Confirm with . or Enter, or press ? or * to list all spells.
The centaur shoots an arrow.
The arrow hits you but does no damage.
Your cerulean imp hits the centaur with a -2 spear.
You swap places.
Your cerulean imp barely misses the centaur.
The centaur shoots an arrow.
The arrow closely misses your hound. The arrow hits you!
Ouch! That really hurt!
* * * LOW HITPOINT WARNING * * *
Casting: Call Canine Familiar (quite dangerous; 4% risk of failure)
Confirm with . or Enter, or press ? or * to list all spells.
The centaur shoots an arrow.
The arrow hits you.
You die...

#.........# #.........#
#.........# #.........#
##.........#
...#.c5........
......)r......#
.....##.####### ... #@#
#######.# ........#
........# #######
........## #.....#
.........## #.....#
..........#######.....##
........................
.........########.....##


You could see a centaur (ally target), a friendly cerulean imp (summoned) and a
friendly quokka (summoned).

Vanquished Creatures
  An adder (D:3)
  A worm (D:2)
  A bat (D:2)
  A goblin (D:2)
  2 hobgoblins
  A frilled lizard (D:2)
  A kobold (D:2)
  3 rats
  A butterfly (D:2)
12 creatures vanquished.

Vanquished Creatures (collateral kills)
  Terence (D:2)
  A worm (D:2)
  A ball python (D:2)
  An endoplasm (D:1)
  6 giant cockroaches
  4 goblins
  A hobgoblin (D:2)
  A quokka (D:2)
  A bat (D:1)
  A frilled lizard (D:1)
  3 kobolds
  A rat (D:1)
22 creatures vanquished.

Grand Total: 34 creatures vanquished

Notes
Turn   | Place    | Note
-------+----------+-------------------------------------------
     0 | D:1      | javelincjr the Deep Elf Summoner began the quest for the
                  | Orb.
     0 | D:1      | Reached XP level 1. HP: 10/10 MP: 6/6
   396 | D:1      | Reached XP level 2. HP: 15/15 MP: 6/8
   399 | D:1      | Learned a level 2 spell: Call Imp
  1374 | D:2      | Noticed Terence
  1390 | D:2      | Killed Terence
  1391 | D:2      | Reached XP level 3. HP: 19/19 MP: 4/10
  1444 | D:2      | Learned a level 3 spell: Call Canine Familiar
  1583 | D:2      | Reached skill level 5 in Summonings
  2083 | D:3      | Reached XP level 4. HP: 24/24 MP: 12/12
  2114 | D:3      | Noticed a centaur
  2122 | D:3      | Shot with an arrow by a centaur

Illustrated notes

Levels and vault maps discovered:
D:1:      sevenhm_arrival_forest_fort_large_4, layout_basic
D:2:      wad_pebble_path, layout_loops_corners, hangedman_glass_garden,
          uniq_terence
D:3:      layout_rooms, serial_shops, nicolae_shop_gibbet_a_chance

Skill      XL: |  1  2  3 |
---------------+----------+-----
Dodging        | 3 |  3.1
Stealth        | 3 |  3.1
Spellcasting   | 4 |  4.2
Summonings     | 5 |  5.1
Ranged Weapons | |  0.3

Action                     |  1- 3 |  4- 6 || total
---------------------------+-------+-------++-------
  Melee: Unarmed           |     7 |       ||     7
         Dagger            |    25 |       ||    25
         Punch             |     1 |       ||     1
   Fire: Arbalest          |    23 |     3 ||    26
   Cast: Summon Small Mamm |    24 |     1 ||    25
         Call Imp          |    14 |     2 ||    16
         Call Canine Famil |     3 |     2 ||     5
   Stab: Distracted        |     1 |       ||     1
 Armour: Robe              |    13 |     5 ||    18
  Dodge: Dodged            |    36 |     1 ||    37

Table legend: (Time is in decaauts)
 A = Elapsed time spent in this place.
 B = Non-inter-level travel time spent in this place.
 C = Inter-level travel time spent in this place.
 D = Time resting spent in this place.
 E = Time spent auto-exploring this place.
 F = Levels seen in this place.
 G = Mean time per level.
                   A        B        C        D        E       F      G
               +--------+--------+--------+--------+--------+-----+--------+
         Total |   2144 |   2086 |     58 |      0 |   1684 |   3 |  714.7 |
       Dungeon |   2144 |   2086 |     58 |      0 |   1684 |   3 |  714.7 |
               +--------+--------+--------+--------+--------+-----+--------+

Top non-repeatable levels by time:
     D:2: 1124 daAuts
     D:1: 912 daAuts
     D:3: 107 daAuts
